 Dungeon Crawl Stone Soup version 0.20.0-7-g3b7b877 (webtiles) character file.

420 Darkell the Chucker (level 6, 0/93 HPs)
             Began as an Ogre Hunter on May 29, 2017.
             Slain by an ice beast (2 damage)
             ... on level 5 of the Dungeon.
             The game lasted 00:07:11 (5957 turns).

Darkell the Chucker (Ogre Hunter)                   Turns: 5957, Time: 00:07:12

Health: 0/93       AC:  3    Str: 22 (24) XL:     6   Next: 94%
Magic:  6/6        EV: 10    Int: 11 (12) God:
Gold:   256        SH:  0    Dex:  7 (9)  Spells: 5/5 levels left

rFire    x . .     SeeInvis .   s - +1 dagger (venom)
rCold    + . .     Gourm    .   (no shield)
rNeg     . . .     Faith    .   b - +0 robe
rPois    .         Spirit   .   (helmet restricted)
rElec    .         Reflect  .   (no cloak)
rCorr    .         Harm     .   (gloves unavailable)
MR       .....                  (boots unavailable)
Stlth    ..........             (no amulet)
Regen    0.3/turn               w - ring of ice
MPRegen  0.1/turn               (no ring)

@: berserking, very quick
A: unfitting armour, tough skin 1
a: no special abilities


You were on level 5 of the Dungeon.
You were hungry.

You visited 1 branch of the dungeon, and saw 5 of its levels.

You collected 256 gold pieces.

Inventory:

Hand Weapons
 a - a +0 short sword
 l - a +0 club
 s - a +1 dagger of venom (weapon)
Missiles
 c - 2 large rocks (quivered)
 d - a throwing net
Armour
 b - a +0 robe (worn)
Jewellery
 w - a ring of ice (left hand)
Wands
 g - a wand of flame (18/48)
Scrolls
 e - 5 scrolls of teleportation {unknown}
 i - 2 scrolls of identify {unknown}
 m - 2 scrolls of immolation {unknown}
 n - a scroll of remove curse {unknown}
 p - a scroll of enchant weapon {unknown}
 r - 2 scrolls of fear {unknown}
 u - a scroll of fog {unknown}
 v - a scroll of noise {unknown}
Potions
 o - a potion of brilliance
 t - a potion of flight {unknown}
Comestibles
 f - 3 bread rations
 j - 7 fruits
 k - a royal jelly
 q - a meat ration


   Skills:
 + Level 3.8 Fighting
 + Level 2.0 Short Blades
 * Level 3.2 Maces & Flails
 * Level 5.0 Throwing
 + Level 3.1 Dodging
 + Level 1.1 Stealth


You had 5 spell levels left.
You didn't know any spells.

Dungeon Overview and Level Annotations

Branches:
Dungeon (5/15)
 Temple: D:4-7

Altars:
Gozag
Okawaru
Qazlal
Vehumet

Annotations:
D:2 Crazy Yiuf


Innate Abilities, Weirdness & Mutations

You are too large for most types of armour.
You have tough skin. (AC +1)


Message History

The large rock closely misses the ice beast.
The ice beast hits you.
* * * LOW HITPOINT WARNING * * *
The ice beast freezes you. You resist.
* * * LOW HITPOINT WARNING * * *
The ice beast hits you but does no damage.
You see here 3 fruits.
You see here a large rock.
It was a potion of berserk rage.
A red film seems to cover your vision as you go berserk!
You feel yourself moving faster!
You feel mighty! The ice beast hits you.
* * * LOW HITPOINT WARNING * * *
The ice beast freezes you. You resist.
* * * LOW HITPOINT WARNING * * *
You hit the ice beast.
The ice beast is almost dead.
You closely miss the ice beast.
The ice beast is almost dead.
The ice beast hits you.
You die...

#..#.#.#.#..
#.##..#.#.....#
#.##..#.###.#.#
#.##..#.# #...#
######.##..#.#
##..#
...##.#...#>####..#
#.#.^.............
#....[......###..#
#@Y......(#.......
##%....##...##.###
##....###.###.#
####.# #.# #.# #.#
#.###.### #.#
#........ #.#
#####.### #.# #.#
#..


You could see an ice beast.

Vanquished Creatures
  Blork the orc (D:4)
  A bullfrog zombie (D:5)
  An orc priest (D:3)
  Natasha (twice) (D:3)
  A worker ant (D:4)
  Terence (D:3)
  Robin (D:2)
  4 adders
  3 oozes
  3 dart slugs (D:2)
  2 leopard geckos
  14 orcs
  3 ball pythons
  5 giant cockroaches
  19 goblins
  15 hobgoblins
  8 jackals
  A quokka (D:2)
  4 bats
  4 frilled lizards
  9 kobolds
  7 rats
109 creatures vanquished.

Notes
Turn   | Place    | Note
-------+----------+-------------------------------------------
     0 | D:1      | Darkell the Ogre Hunter began the quest for the Orb.
     0 | D:1      | Reached XP level 1. HP: 22/22 MP: 1/1
    74 | D:1      | Reached XP level 2. HP: 22/29 MP: 2/2
   798 | D:1      | Reached XP level 3. HP: 17/37 MP: 3/3
  1563 | D:2      | Found a runed door.
  1618 | D:2      | Reached skill level 1 in Maces & Flails
  1924 | D:2      | Reached XP level 4. HP: 40/45 MP: 4/4
  1983 | D:2      | Noticed Robin
  2165 | D:2      | Killed Robin
  3009 | D:2      | Noticed Crazy Yiuf
  3434 | D:3      | Reached XP level 5. HP: 42/53 MP: 5/5
  3513 | D:3      | Found an iron altar of Okawaru.
  4305 | D:3      | Noticed Terence
  4326 | D:3      | Killed Terence
  4416 | D:3      | Reached skill level 1 in Short Blades
  4429 | D:3      | Noticed Natasha
  4466 | D:3      | Killed Natasha
  4466 | D:3      | Reached XP level 6. HP: 31/61 MP: 6/6
  4720 | D:3      | Noticed Natasha
  4728 | D:3      | Killed Natasha
  4919 | D:4      | Noticed Blork the orc
  4928 | D:4      | HP: 1/61 [Blork the orc/halberd of venom (3)]
  4936 | D:4      | Killed Blork the orc
  4936 | D:4      | Reached skill level 1 in Stealth
  5473 | D:4      | Reached skill level 5 in Throwing
  5646 | D:4      | Found an opulent altar of Gozag.
  5646 | D:4      | Found a radiant altar of Vehumet.
  5661 | D:5      | Entered Level 5 of the Dungeon
  5664 | D:5      | Found a stormy altar of Qazlal.
  5919 | D:5      | Noticed an ice beast
  5955 | D:5      | HP: 1/93 [ice beast (6)]
  5957 | D:5      | Slain by an ice beast

Skill      XL: |  1  2  3  4  5  6 |
---------------+-------------------+-----
Fighting       | 3 |  3.8
Dodging        | 2 3 |  3.1
Maces & Flails | 1 2 3 |  3.2
Short Blades   | 1 2 |  2.0
Stealth        | 1 |  1.1
Throwing       | 5 |  5.0

Action                   |  1- 3 |  4- 6 || total
-------------------------+-------+-------++-------
Melee: Short sword       |    55 |       ||    55
       Club              |   136 |   101 ||   237
       Dagger            |       |   218 ||   218
Throw: Large rock        |       |     7 ||     7
       Throwing net      |       |     1 ||     1
  Use: Potion            |       |     9 ||     9
 Stab: Distracted        |       |     1 ||     1
       Sleeping          |       |     2 ||     2
  Eat: Chunk             |     3 |    13 ||    16
Armor: Robe              |    64 |    61 ||   125
Dodge: Dodged            |   103 |   154 ||   257
